 Dungeon Crawl Stone Soup version 0.24.0-125-gc4c63601f3 (webtiles) character file.

Game seed: 1434871292592721066, levelgen mode: deterministic

12964 ChairmanCharles the Basher (level 11, 0/101 HPs)
             Began as a Minotaur Berserker on Feb 16, 2020.
             Was a High Priest of Trog.
             Slain by a red devil
             ... wielding a +2 demon trident of venom
             ... summoned by an orc sorcerer
             ... led by an orc knight
              (14 damage)
             ... on level 11 of the Dungeon on Mar 13, 2020.
             The game lasted 01:35:57 (12098 turns).

ChairmanCharles the Basher (Minotaur Berserker)    Turns: 12098, Time: 01:35:58

Health: 0/101      AC: 22    Str: 22    XL:     11   Next: 69%
Magic:  10/10      EV:  8    Int:  4    God:    Trog [*****.]
Gold:   135        SH:  7    Dex: 13    Spells: 10/10 levels left

rFire    + . .     SeeInvis .   N - +4 mace
rCold    . . .     Gourm    .   i - +0 shield
rNeg     . . .     Faith    .   P - +4 plate armour {rF+}
rPois    .         Spirit   .   (helmet restricted)
rElec    .         Reflect  .   (no cloak)
rCorr    +         Harm     .   z - +0 pair of gloves
MR       .....                  G - +1 pair of boots
Stlth    ..........             (no amulet)
HPRegen  0.26/turn              j - ring of resist corrosion
MPRegen  0.12/turn              k - ring of stealth

@: berserk cooldown
A: retaliatory headbutt, horns 2
a: Berserk, Trog's Hand, Brothers in Arms, Renounce Religion


You were on level 11 of the Dungeon.
You worshipped Trog.
Trog was extremely pleased with you.
You were hungry.

You visited 2 branches of the dungeon, and saw 12 of its levels.
You also visited: Sewer.

You collected 681 gold pieces.
You spent 546 gold pieces at shops.

Inventory:

Hand Weapons
 N - a +4 mace (weapon)
Armour
 i - a +0 shield (worn)
 z - a +0 pair of gloves (worn)
 G - a +1 pair of boots (worn)
 P - a +4 plate armour of fire resistance (worn)
Jewellery
 j - a ring of resist corrosion (left hand)
 k - a ring of stealth (right hand)
Wands
 a - a wand of iceblast (5)
 C - a wand of digging (5)
 D - a wand of flame (34)
 E - a wand of acid (16)
Scrolls
 b - 7 scrolls of remove curse
 e - a scroll of magic mapping {unknown}
 l - 4 scrolls of amnesia
 n - a scroll of immolation
 q - a scroll of fog
 s - a scroll of blinking
 u - a scroll of teleportation
 v - a scroll of fear {unknown}
 y - a scroll of brand weapon {unknown}
 F - 3 scrolls of identify
 H - 4 scrolls of torment {unknown}
 J - a scroll of acquirement {unknown}
 L - a scroll of enchant armour {unknown}
 O - a scroll of enchant weapon {unknown}
Potions
 d - 2 potions of might {unknown}
 f - 2 potions of flight {unknown}
 g - 3 potions of ambrosia {unknown}
 h - 5 potions of curing
 m - a potion of cancellation {unknown}
 o - 5 potions of mutation
 r - 3 potions of magic
 t - a potion of heal wounds
 w - a potion of resistance
 x - a potion of lignification {unknown}
 B - 2 potions of agility {unknown}
 K - a potion of degeneration {unknown}
Miscellaneous
 p - a fan of gales
Comestibles
 c - 14 rations


   Skills:
 + Level 10.7 Fighting
 - Level 14.0 Maces & Flails
 + Level 10.4 Armour
 + Level 9.6 Dodging
 + Level 1.1 Evocations


You had 10 spell levels left.
You didn't know any spells.
Your spell library was empty.

Dungeon Overview and Level Annotations

Branches:
Dungeon (11/15)            Temple (1/1) D:7            Lair (0/6) D:10
    Orc (0/2) D:9           Sewer (visited)

Altars:
Ashenzari
Cheibriados
Dithmenos
Elyvilon
Fedhas
Gozag
Hepliaklqana
Kikubaaqudgha
Makhleb
Nemelex Xobeh
Okawaru
Qazlal
Ru
Sif Muna
Trog
Uskayaw
Vehumet
Wu Jian
Xom
Yredelemnul
Zin
The Shining One
Beogh
Lugonu

Shops:
D:5 [   D:6 !   D:7 (   D:10 [

Annotations:
D:10 Harold


Innate Abilities, Weirdness & Mutations

You reflexively headbutt those who attack you in melee.
You have a pair of horns on your head.


Message History

a +3 dagger of venom; a +0 robe; the orc skeleton of Nergalle The orc knight hits you with a +1 battleaxe!
* * * LOW HITPOINT WARNING * * *
The orc sorcerer mumbles some strange words.
You hit the orc knight but do no damage.
The orc knight is heavily wounded.
You feel yourself speed up. The orc sorcerer casts a spell at you.
The bolt of fire hits you but does no damage.
You resist.
The orc knight hits you with a +1 battleaxe.
* * * LOW HITPOINT WARNING * * *
Your shield prevents you from hitting the orc knight.
The orc knight is heavily wounded.
You block the orc knight's attack.
You hit the orc knight.
The orc knight is heavily wounded.
The hellwing disappears in a puff of smoke!
The red devil hits you from afar with a +2 demon trident of venom!
You die...

################.#
#.##... ............#
#.# #.#####
###....#.## #.# #.#
#### #....#..# #.# #..
...o#####...o##.###.#
#.#
...ยง)...'.....4.)...#
#..
....#####....##4.####
..o. #....###o## ...#
#....# #@o# ... #....#
##.# ... #....# ..# ..
###### #.# .. .. #.#
.. ...


You could see an orc knight, a chaos spawn, an orc sorcerer and a red devil.

Vanquished Creatures
  Erica (D:8)
  The ghost of MisterT the Grappler, a novice TrMo of Yredelemnul (D:10)
  3 two-headed ogres
  Nergalle (D:11)
  Pikel (D:6)
  The ghost of bl4d3 the Covered, a novice GrFi (D:6)
  An elephant (D:10)
  An ugly thing (D:11)
  Joseph (D:9)
  Maurice (D:8)
  Psyche (D:8)
  A centaur skeleton (D:10)
  A troll (D:10)
  A hornet (D:8)
  2 hippogriffs
  A shadow (D:11)
  Grum (D:8)
  3 yaks (D:10)
  A basilisk (D:11)
  A warg (D:11)
  A water moccasin (D:5)
  4 orc warriors
  2 black bears
  A sky beast (D:9)
  2 ice beasts
  A slave (D:6)
  9 ogres
  2 wolves (D:8)
  2 phantoms
  4 centaurs
  A crocodile (D:11)
  A big kobold (D:10)
  3 bullfrogs
  A scorpion (D:11)
  4 wights (D:8)
  4 howler monkeys
  2 crimson imps
  A bullfrog zombie (D:7)
  A quasit (D:5)
  2 centaur zombies
  A bullfrog skeleton (D:8)
  A hound (D:5)
  A gnoll shaman (D:4)
  4 jellies
  9 orc priests
  9 orc wizards
  4 iguanas
  7 worker ants
  A hound zombie (D:8)
  2 worker ant zombies
  9 gnolls
  22 adders
  2 river rats (D:3)
  2 shadow imps
  2 oozes
  3 adder zombies
  3 worms
  6 dart slugs
  4 leopard geckos
  44 orcs
  5 giant cockroaches
  10 goblins
  6 hobgoblins
  15 jackals
  5 quokkas
  8 ball pythons
  3 bats
  9 frilled lizards
  18 kobolds
  6 rats
294 creatures vanquished.

Vanquished Creatures (others)
  2 slaves (D:6)
  A centaur (D:6)
  2 orc priests (D:6)
  2 orcs (D:6)
  A plant (Sewer)
8 creatures vanquished.

Grand Total: 302 creatures vanquished

Notes
Turn   | Place    | Note
-------+----------+-------------------------------------------
     0 | D:1      | ChairmanCharles the Minotaur Berserker began the quest for
                  | the Orb.
     0 | D:1      | Reached XP level 1. HP: 19/19 MP: 0/0
    92 | D:1      | Reached XP level 2. HP: 27/27 MP: 1/1
   125 | D:1      | Reached skill level 4 in Maces & Flails
   132 | D:1      | Found a shattered altar of Ashenzari.
   574 | D:1      | Reached XP level 3. HP: 29/33 MP: 2/2
   705 | D:1      | Reached ** piety under Trog
   941 | D:2      | Reached XP level 4. HP: 40/40 MP: 3/3
  1099 | D:2      | Found a snail-covered altar of Cheibriados.
  1529 | D:2      | Reached skill level 5 in Maces & Flails
  1799 | D:3      | Found a glowing drain.
  1818 | D:3      | Reached XP level 5. HP: 47/47 MP: 4/4
  1828 | Sewer    | Entered a sewer
  2027 | Sewer    | Reached *** piety under Trog
  3021 | D:3      | Reached XP level 6. HP: 55/55 MP: 5/5
  3249 | D:4      | Reached skill level 6 in Maces & Flails
  3308 | D:4      | Reached skill level 5 in Fighting
  3627 | D:4      | Found a glowing golden altar of the Shining One.
  3628 | D:4      | Found a radiant altar of Vehumet.
  3629 | D:4      | Found a white marble altar of Elyvilon.
  4093 | D:5      | Entered Level 5 of the Dungeon
  4203 | D:5      | Reached XP level 7. HP: 46/61 MP: 6/6
  4210 | D:5      | Reached **** piety under Trog
  4210 | D:5      | Reached skill level 7 in Maces & Flails
  4298 | D:5      | Reached skill level 5 in Armour
  4722 | D:5      | Reached skill level 8 in Maces & Flails
  4722 | D:5      | Reached skill level 5 in Dodging
  4722 | D:5      | Reached XP level 8. HP: 55/70 MP: 7/7
  4801 | D:5      | Noticed a two-headed ogre
  4811 | D:5      | Killed a two-headed ogre
  4811 | D:5      | Reached skill level 9 in Maces & Flails
  4894 | D:5      | Found Xuecih's Antique Armour Boutique.
  5045 | D:5      | Noticed a +0 hand axe
  5045 | D:5      | Noticed a +0 hand axe
  5047 | D:5      | Found a hide-covered altar of Uskayaw.
  5124 | D:6      | Found Qehos's Distillery.
  5124 | D:6      | Noticed Pikel
  5132 | D:6      | Killed Pikel
  5132 | D:6      | Reached XP level 9. HP: 79/79 MP: 8/8
  5204 | D:6      | Noticed bl4d3's ghost (novice GrFi)
  5215 | D:6      | Found a transporter.
  5225 | D:6      | Found a transporter.
  5240 | D:6      | Killed bl4d3's ghost
  5240 | D:6      | Reached skill level 10 in Maces & Flails
  6441 | D:7      | Found a staircase to the Ecumenical Temple.
  6548 | D:7      | Found Zabad's Antique Weapon Shop.
  6691 | D:7      | Reached skill level 11 in Maces & Flails
  6694 | D:7      | Found an ancient bone altar of Kikubaaqudgha.
  6694 | D:7      | Found a blossoming altar of Fedhas.
  6718 | D:7      | Found a stormy altar of Qazlal.
  7164 | Temple   | Entered the Ecumenical Temple
  7308 | D:8      | Noticed Grum
  7313 | D:8      | Reached XP level 10. HP: 90/90 MP: 9/9
  7317 | D:8      | Paralysed by a hornet for 3 turns
  7329 | D:8      | Killed Grum
  7609 | D:8      | Found an ornate altar of the Wu Jian Council.
  7612 | D:8      | Noticed Erica
  7625 | D:8      | Killed Erica
  7855 | D:8      | Reached skill level 12 in Maces & Flails
  7872 | D:8      | Reached ***** piety under Trog
  7997 | D:8      | Noticed Maurice
  8007 | D:8      | Killed Maurice
  8075 | D:8      | Found a shimmering blue altar of Sif Muna.
  8104 | D:8      | Noticed Psyche
  8115 | D:8      | Killed Psyche
  8225 | D:8      | Found a basalt altar of Yredelemnul.
  8236 | D:8      | Found a runed translucent door.
  8649 | D:8      | Found a roughly hewn altar of Beogh.
  8945 | D:9      | Noticed Joseph
  8959 | D:9      | Killed Joseph
  9296 | D:9      | Found a staircase to the Orcish Mines.
  9441 | D:9      | Found a glowing silver altar of Zin.
  9441 | D:9      | Found a bloodstained altar of Trog.
  9503 | D:9      | Reached XP level 11. HP: 99/99 MP: 10/10
  9933 | D:5      | Bought a runed plate armour for 546 gold pieces
 10043 | D:10     | Entered Level 10 of the Dungeon
 10072 | D:10     | Noticed a two-headed ogre
 10083 | D:10     | Killed a two-headed ogre
 10083 | D:10     | Reached skill level 13 in Maces & Flails
 10166 | D:10     | Found a snail-covered altar of Cheibriados.
 10170 | D:10     | Found Cheibriados's Comfort Zone.
 10200 | D:10     | Reached skill level 10 in Fighting
 10393 | D:10     | Found a staircase to the Lair.
 10441 | D:10     | Noticed a two-headed ogre
 10443 | D:10     | Noticed Harold
 10725 | D:11     | Killed a two-headed ogre
 10725 | D:11     | Reached skill level 10 in Armour
 11434 | D:10     | Found a large runed translucent door.
 11434 | D:10     | Found a large runed translucent door.
 11436 | D:10     | Noticed MisterT's ghost (novice TrMo)
 11453 | D:10     | Killed MisterT's ghost
 11950 | D:11     | Noticed Nergalle
 11953 | D:11     | Noticed a spectral orc warlord
 11965 | D:11     | Killed Nergalle
 11965 | D:11     | Reached skill level 14 in Maces & Flails
 12031 | D:11     | Noticed a purple ugly thing
 12036 | D:11     | Noticed an orc sorcerer
 12040 | D:11     | Noticed an orc knight
 12047 | D:11     | Killed a purple ugly thing
 12049 | D:11     | Reached skill level 1 in Evocations
 12053 | D:11     | Noticed a sun demon
 12098 | D:11     | Slain by a red devil

Levels and vault maps discovered:
D:1:      dpeg_arrival_oval, layout_loops_ring, evilmike_ruin_ashenzari
D:2:      layout_basic, cheibriados_altar_1, hangedman_decor_clover_reticule
D:3:      minmay_octagon_keep, layout_loops_cross, cheibrodos_sewer_entry_sluice
D:4:      layout_loops_corners, grunt_temple_overflow_open, first_ration,
          moated_statue
D:5:      layout_loops_ring, dancing_weapons_uskayaw, serial_shops,
          kennysheep_mini_moat, minivault_24
D:6:      layout_basic, gammafunk_ghost_arena, serial_shops,
          nicolae_shop_temple_entry_statues_fountains, uniq_pikel
D:7:      layout_loops_ring, grunt_temple_overflow_growth_and_decay,
          minmay_temple_entry_proselytizer, serial_shops, shop, minivault_5,
          grunt_qazlal_clouds
D:8:      layout_cave_pools, kennysheep_mini, lemuel_crystal_altar,
          led_sif_pool, serial_column_ruins, column_ruins_hut, column_ruins_hut,
          column_ruins_columns_dead_end, column_ruins_open_tiny,
          column_ruins_grid_2, grunt_ogre_cave, lightli_church_of_beogh,
          uniq_maurice, uniq_grum, uniq_erica, uniq_psyche
D:9:      layout_gridville, gammafunk_temple_overflow_wave, david_orc_3,
          uniq_joseph
D:10:     cheibrodos_iron_armory, layout_long_grid, david_lair_generic,
          ebering_ghost_disaster_area, minmay_shop_chei, uniq_harold
D:11:     layout_basic, gauntlet_entry_generic, minmay_curled_crystal,
          uniq_nergalle, uniq_urug
Temple:   corrupted_temple

Skill      XL: |  1  2  3  4  5  6  7  8  9 10 11 |
---------------+----------------------------------+-----
Maces & Flails | 4 5 6 8 9 11 12 14 | 14.0
Fighting       | 4 5 6 7 8 9 10 | 10.7
Armour         | 3 4 5 6 8 9 10 | 10.4
Dodging        | 3 4 5 6 7 8 9 |  9.6
Evocations     | 1 |  1.1

Action                   |  1- 3 |  4- 6 |  7- 9 | 10-12 || total
-------------------------+-------+-------+-------+-------++-------
Melee: Mace              |    76 |   154 |       |   232 ||   462
       Headbutt          |     7 |    36 |    47 |    86 ||   176
       Morningstar       |       |    17 |   182 |   124 ||   323
Invok: Berserk           |     1 |     5 |    10 |    13 ||    29
       Trog's Hand       |       |     1 |     1 |     6 ||     8
  Use: Scroll            |     1 |     2 |    10 |     1 ||    14
       Potion            |       |       |       |     3 ||     3
 Stab: Invisible         |       |       |       |     2 ||     2
  Eat: Chunk             |     1 |    13 |    11 |    10 ||    35
       Ration            |       |     1 |     2 |     6 ||     9
Armor: Ring mail         |    26 |    32 |       |       ||    58
       Scale mail        |       |    28 |    53 |       ||    81
       Chain mail        |       |       |    43 |    37 ||    80
       Plate armour      |       |       |       |   177 ||   177
Dodge: Dodged            |    43 |   110 |   132 |   136 ||   421
Block: Shield            |       |       |       |    64 ||    64
